 Dungeon Crawl Stone Soup version 0.32-a0-306-gfed3edf829 (webtiles) character file.

Game seed: 13302417640278446176

8292 Dittersdorf the Protected (level 11, -6/72 HPs)
             Began as a Gargoyle Fighter on Feb 14, 2024.
             Was an Initiate of Gozag.
             Killed from afar by an acid dragon (15 damage)
             ... with a splash of acid
             ... on level 10 of the Dungeon.
             The game lasted 00:11:27 (11145 turns).

Dittersdorf the Protected (Gargoyle Fighter)       Turns: 11145, Time: 00:11:28

Health: -6/72      AC: 22    Str: 23    XL:     11   Next: 28%
Magic:  11/11      EV: 18    Int: 10    God:    Gozag
Gold:   763        SH:  6    Dex:  9    Spells: 10/10 levels left

rFire   . . .        z - +3 flail (protect)
rCold   . . .        c - +0 buckler
rNeg    + . .        l - +0 chain mail
rPois   ∞            (no helmet)
rElec   +            (no cloak)
rCorr   .            (no gloves)
SInv    .            (no boots)
Will    .....        (no amulet) Stlth
                     j - +5 ring of evasion
HPRegen 0.32/turn    q - +5 ring of evasion
MPRegen 0.12/turn

%: no passive effects
@: corroded, under a protective aura
A: sickness immunity, AC +8, negative energy resistance 1, electricity
resistance, torment resistance 1, petrification resistance
a: Renounce Religion, Potion Petition, Call Merchant, Bribe Branch


You were on level 10 of the Dungeon.
You worshipped Gozag.
Gozag was pleased with you.
You visited 2 branches of the dungeon, and saw 11 of its levels.

You collected 1142 gold pieces.
You spent 245 gold pieces at shops.
You paid 134 gold pieces to Gozag.

Inventory:

Hand Weapons
 z - a +3 flail of protection (weapon)
Armour
 c - a +0 buckler (worn)
 l - a +0 chain mail (worn)
Jewellery
 j - a +5 ring of evasion (left hand)
 q - a +5 ring of evasion (right hand)
 t - a ring of fire
Wands
 p - a wand of roots (22)
 u - a wand of paralysis (2)
 v - a wand of acid (6)
Scrolls
 e - 4 scrolls of enchant armour
 g - 3 scrolls of poison
 i - 4 scrolls of revelation
 o - 2 scrolls of blinking
 s - a scroll of butterflies {unknown}
 w - a scroll of teleportation
 x - a scroll of vulnerability {unknown}
 y - a scroll of enchant weapon {unknown}
Potions
 a - a potion of enlightenment {unknown}
 b - 3 potions of curing {unknown}
 d - 4 potions of might
 f - a potion of magic
 h - 6 potions of heal wounds
 k - a potion of invisibility
 m - a potion of berserk rage
 n - 2 potions of cancellation


   Skills:
 + Level 10.1 Fighting
 + Level 8.9 Maces & Flails
 + Level 10.1 Armour
 + Level 10.0 Shields


You had 10 spell levels left.
You didn't know any spells.
Your spell library contained the following spells:

 Spells                   Type           Power      Damage    Failure   Level
 Sting                    Conj/Alch      0%         1d3       89%         1
 Summon Small Mammal      Summ           0%         N/A       89%         1
 Mercury Vapours          Alch/Air       0%         N/A       96%         2
 Call Canine Familiar     Summ           0%         N/A       99%         3
 Volatile Blastmotes      Fire/Tloc      0%         2d10      99%         3
 Animate Armour           Summ/Erth      0%         N/A       100%        4
 Fulminant Prism          Conj/Alch      0%         3d5       100%        4
 Iskenderun's Mystic Bla  Conj/Tloc      0%         2d3       100%        4
 Olgreb's Toxic Radiance  Alch           0%         N/A       100%        4
 Summon Blazeheart Golem  Fire/Summ      0%         N/A       100%        4
 Summon Lightning Spire   Summ/Air       0%         N/A       100%        4
 Lee's Rapid Deconstruct  Erth           0%         3d4*      100%        5


Dungeon Overview and Level Annotations

Branches:
Dungeon (10/15)            Temple (1/1) D:4             Orc (0/2) D:10
   Lair: D:8-11

Altars:
Ashenzari
Cheibriados
Dithmenos
Elyvilon
Fedhas
Gozag
Hepliaklqana
Kikubaaqudgha
Makhleb
Nemelex Xobeh
Okawaru
Qazlal
Ru
Sif Muna
Trog
Uskayaw
Vehumet
Wu Jian
Xom
Yredelemnul
Zin
The Shining One

Shops:
D:1 :   D:3 ?!**   D:4 (([[   D:6 *!!!   D:7 =[   D:8 ?


Innate Abilities, Weirdness & Mutations

You are immune to sickness and miasma.
Your stone body is resilient. (AC +8)
You are immune to poison.
You resist negative energy. (rN+)
You are resistant to electric shocks. (rElec)
You are resistant to unholy torment.
You are immune to petrification.


Message History

You sock the acid dragon!
The acid dragon is heavily wounded.
The acid dragon bites you but does no damage.
The acid dragon closely misses you.
You hit the acid dragon but do no damage.
The acid dragon is heavily wounded.
The acid dragon bites you but does no damage.
The acid dragon barely misses you.
You barely miss the acid dragon.
The acid dragon is heavily wounded.
The acid dragon misses you. x2
You hit the acid dragon but do no damage.
The acid dragon is heavily wounded.
The acid dragon spits acid at you. The splash of acid misses you.
You closely miss the acid dragon.
The acid dragon is heavily wounded.
The acid dragon bites you.
* * * LOW HITPOINT WARNING * * *
The acid dragon misses you.
You barely miss the acid dragon.
The acid dragon is heavily wounded.
The acid dragon closely misses you.
The acid dragon claws you but does no damage.
You hit the acid dragon but do no damage.
The acid dragon is heavily wounded.
The acid dragon closely misses you.
The acid dragon claws you but does no damage.
You hit the acid dragon.
The acid dragon is severely wounded.
The acid dragon closely misses you. The acid dragon misses you.
You barely miss the acid dragon.
The acid dragon is severely wounded.
You block the acid dragon's attack. The acid dragon barely misses you.
You barely miss the acid dragon.
The acid dragon is severely wounded.
The acid dragon spits acid at you. The splash of acid hits you!
You die...
Your body crumbles into a pile of gold.

..
#.##....#.#.....#..#...##
.
#...#..#.###..#####....##
####........#.# #..#..###
#..####.#.### ##.##..##
#### ##### ######.##
#........ ###........
########.........#
#@...|......#...##
......D.#########.#####
.######## #..# ##.# ..
#.# .. #.# ##


You could see an acid dragon (catching breath).

Vanquished Creatures
  Erica (D:8)
  A two-headed ogre (D:7)
  2 trolls
  A polar bear (D:7)
  Prince Ribbit (D:5)
  A wraith (D:10)
  A shadow (D:10)
  4 wyverns
  7 yaks
  An acid dragon (D:9)
  6 orc warriors
  3 ogres
  An ice beast (D:10)
  3 centaurs
  4 kobold brigands
  2 phantoms
  Blork the orc (D:6)
  2 bullfrogs (D:6)
  2 scorpions (D:5)
  5 wights (D:5)
  A gnoll sergeant (D:9)
  15 killer bees
  A troll zombie (D:10)
  3 howler monkeys (D:10)
  3 bombardier beetles
  3 jellies
  2 hounds
  6 orc priests
  2 iguanas
  4 sleepcaps
  6 orc wizards
  5 ogre zombies (D:10)
  6 gnolls
  4 adders
  A white imp (D:5)
  2 ufetubi (D:5)
  2 dart slugs
  A ribbon worm (D:2)
  36 orcs
  4 bats
  5 endoplasms
  3 giant cockroaches
  3 gnoll zombies (D:10)
  2 goblins (D:1)
  5 hobgoblins
  24 kobolds
  3 quokkas
  10 ball pythons
  3 gnoll skeletons (D:10)
  4 orc skeletons (D:10)
  9 orc zombies (D:10)
  6 rats
233 creatures vanquished.

Notes
Turn   | Place    | Note
-------+----------+-------------------------------------------
     0 | D:1      | Dittersdorf the Gargoyle Fighter began the quest for the
                  | Orb.
     0 | D:1      | Reached XP level 1. HP: 14/14 MP: 1/1
    61 | D:1      | Reached XP level 2. HP: 19/19 MP: 2/2
   120 | D:1      | Reached XP level 3. HP: 22/23 MP: 3/3
   179 | D:1      | Found a faded altar of an unknown god.
   301 | D:1      | Found Xaufaop's Book Shop.
   756 | D:2      | Reached XP level 4. HP: 29/29 MP: 4/4
  1375 | D:3      | Found Doorchiu's Distillery.
  1405 | D:3      | Found Kulum's Magic Scroll Boutique.
  1494 | D:3      | Found Cear's Assorted Antiques.
  1506 | D:3      | Found a basalt altar of Yredelemnul.
  1729 | D:3      | Found Saashroul's Assorted Antiques.
  1961 | D:3      | Reached XP level 5. HP: 33/33 MP: 5/5
  2498 | D:4      | Noticed an ogre
  2509 | D:4      | Killed an ogre
  2510 | D:4      | Reached XP level 6. HP: 8/39 MP: 6/6
  2722 | D:4      | Found Deuwnan's Antique Armour Shop.
  2907 | D:4      | Found a staircase to the Ecumenical Temple.
  2928 | Temple   | Entered the Ecumenical Temple
  3011 | D:4      | Found an iron altar of Okawaru.
  3032 | D:4      | Found Dedweos's Antique Weapon Shop.
  3063 | D:4      | Found Nibled's Weapon Emporium.
  3110 | D:4      | Reached skill level 5 in Fighting
  3110 | D:4      | Reached skill level 5 in Armour
  3110 | D:4      | Reached skill level 5 in Shields
  3110 | D:4      | Reached XP level 7. HP: 8/44 MP: 7/7
  3456 | D:4      | Found Vownen's Armour Shop.
  3654 | D:5      | Entered Level 5 of the Dungeon
  4195 | D:5      | Reached XP level 8. HP: 28/51 MP: 8/8
  4365 | D:5      | Found a sparkling altar of Nemelex Xobeh.
  4379 | D:5      | Reached skill level 5 in Maces & Flails
  4575 | D:5      | Noticed Prince Ribbit
  4610 | D:5      | Killed Prince Ribbit
  5169 | D:6      | Found Dosm's Distillery.
  5191 | D:6      | Bought a potion of heal wounds for 65 gold pieces
  5191 | D:6      | Bought a potion of heal wounds for 65 gold pieces
  5212 | D:6      | Noticed Blork the orc
  5218 | D:6      | Reached XP level 9. HP: 51/56 MP: 9/9
  5230 | D:6      | Killed Blork the orc
  5340 | D:6      | Found Ringear's Distillery.
  5348 | D:6      | Bought a potion of heal wounds for 55 gold pieces
  5356 | D:6      | Found Bacum's Distillery.
  5369 | D:6      | Identified the +9 long sword "Bokeisul" {freeze, rCorr
                  | Dex+7}
  5379 | D:6      | Bought a potion of heal wounds for 60 gold pieces
  5528 | D:6      | Found Goel's Assorted Antiques.
  5787 | D:7      | Found a broken altar of Ashenzari.
  5787 | D:7      | Found a hazy altar of Hepliaklqana.
  5787 | D:7      | Found a radiant altar of Vehumet.
  5842 | D:7      | Found an opulent altar of Gozag.
  5842 | D:7      | Found a blossoming altar of Fedhas.
  5842 | D:7      | Found a stormy altar of Qazlal.
  6161 | D:7      | Found Pewomm's Armour Shop.
  6250 | D:7      | Noticed a two-headed ogre
  6259 | D:7      | Killed a two-headed ogre
  6405 | D:7      | Found Text's Jewellery Shop.
  6877 | D:8      | Found Mukhiph's Magic Scroll Boutique.
  6918 | D:8      | Reached XP level 10. HP: 63/64 MP: 10/10
  8202 | D:7      | Became a worshipper of Gozag Ym Sagoz the Greedy
  8391 | D:9      | Noticed Erica
  8503 | D:8      | Killed Erica
  9247 | D:9      | Reached XP level 11. HP: 45/71 MP: 11/11
  9756 | D:10     | Entered Level 10 of the Dungeon
 10628 | D:10     | Found a staircase to the Orcish Mines.
 10646 | D:10     | Reached skill level 10 in Fighting
 10646 | D:10     | Reached skill level 10 in Armour
 10655 | D:10     | Reached skill level 10 in Shields
 11145 | D:10     | Killed from afar by an acid dragon

Illustrated notes

Levels and vault maps discovered:
D:1:      dpeg_arrival_lava_temple_mockup, layout_rooms,
          shapermc_ecumenical_altar_gd, serial_shops, shop
D:2:      layout_basic
D:3:      layout_basic, yredelemnul_altar_generic, serial_shops,
          nicolae_shop_tiny_waterfront, shop, nicolae_shop_overgrown_old_shop,
          shop
D:4:      layout_basic, mainiacjoe_overflow_alcove_2, temple_fountains,
          serial_shops, shop, nicolae_shop_rolling_square, nicolae_shop_crystal,
          shop
D:5:      layout_loops_ring, nemelex_xobeh_ov_fountains_minmay,
          nicolae_concentric_dashed_squares_wild, uniq_prince_ribbit1
D:6:      layout_basic, serial_shops, shop_fountains,
          nicolae_shop_tiny_real_fake_doors, kennysheep_mini,
          nicolae_stop_n_shop_1, uniq_blork_the_orc
D:7:      layout_gridville, chequers_temple_overflow_statue_of_worship,
          gammafunk_temple_overflow_claw, serial_shops, kennysheep_mini_moat,
          shop
D:8:      layout_loops_ring, serial_shops, nicolae_shop_waterfront
D:9:      layout_roguey, uniq_erica
D:10:     layout_cave_pods, hellmonk_lair_entry_icy, zombieorc1_lemuel,
          kennysheep_generic_room_11
Temple:   nicolae_temple_god_jail

Skill      XL: |  1  2  3  4  5  6  7  8  9 10 11 |
---------------+----------------------------------+-----
Armour         | 4 5 7 8 9 10 | 10.1
Fighting       | 4 5 6 8 9 10 | 10.1
Shields        | 4 5 6 8 9 10 | 10.0
Maces & Flails | 3 4 5 7 8 |  8.9

Action                     |  1- 3 |  4- 6 |  7- 9 | 10-12 || total
---------------------------+-------+-------+-------+-------++-------
  Melee: Flail             |    72 |   153 |   343 |   168 ||   736
         Whip              |       |       |    84 |   376 ||   460
    Use: Scroll            |       |     6 |     4 |     1 ||    11
   Stab: Distracted        |       |       |       |     1 ||     1
 Armour: Scale mail        |    49 |    65 |       |       ||   114
         Chain mail        |       |    37 |   207 |   233 ||   477
  Dodge: Dodged            |    35 |    68 |   344 |   366 ||   813
  Block: Buckler           |    19 |    39 |   109 |   157 ||   324

Table legend: (Time is in decaauts)
 A = Elapsed time spent in this place.
 B = Non-inter-level travel time spent in this place.
 C = Inter-level travel time spent in this place.
 D = Time resting spent in this place.
 E = Time spent auto-exploring this place.
 F = Levels seen in this place.
 G = Mean time per level.
                   A        B        C        D        E       F      G
               +--------+--------+--------+--------+--------+-----+--------+
         Total |  11159 |  10501 |    658 |   1050 |   7366 |  11 | 1014.5 |
       Dungeon |  11158 |  10500 |    658 |   1050 |   7366 |  10 | 1115.8 |
        Temple |      1 |      1 |      0 |      0 |      0 |   1 |    1.0 |
               +--------+--------+--------+--------+--------+-----+--------+

Top non-repeatable levels by time:
     D:7: 1607 daAuts
     D:8: 1574 daAuts
     D:9: 1510 daAuts
     D:4: 1369 daAuts
     D:5: 1218 daAuts
     D:3: 1128 daAuts
     D:2: 854 daAuts
    D:10: 726 daAuts
     D:6: 613 daAuts
     D:1: 554 daAuts
  Temple: 1 daAuts
